 Dungeon Crawl Stone Soup version 0.31-a0-230-g09eb5fc4d3 (webtiles) character file.

Game seed: 7894429362160679412

485 qw the Shooter (level 6, -9/52 HPs)
             Began as a Minotaur Hexslinger on July 6, 2023.
             Mangled by an ogre
             ... wielding a +0 giant club
              (19 damage)
             ... on level 5 of the Dungeon.
             The game lasted 00:01:03 (3265 turns).

qw the Shooter (Minotaur Hexslinger)                Turns: 3265, Time: 00:01:04

Health: -9/52      AC:  8    Str: 13    XL:     6   Next: 88%
Magic:  6/6        EV: 11    Int: 10    God:
Gold:   32         SH:  0    Dex: 14    Spells: 6/7 levels left

rFire   . . .        Y - +3 longbow (freeze)
rCold   . . .        (shield currently unavailable)
rNeg    . . .        i - +0 ring mail
rPois   .            (helmet restricted)
rElec   .            (no cloak)
rCorr   .            h - +1 pair of gloves
SInv    .            e - +0 pair of boots
Will    .....        (no amulet)
Stlth   +            (no ring)
HPRegen 0.28/turn    (no ring)
MPRegen 0.10/turn

%: no passive effects
@: no status effects
A: horns 2, retaliatory headbutt, hooves 1
a: no special abilities


You were on level 5 of the Dungeon.
You visited 1 branch of the dungeon, and saw 5 of its levels.

You collected 180 gold pieces.
You spent 148 gold pieces at shops.


Innate Abilities, Weirdness & Mutations

You have a pair of horns on your head.
You reflexively headbutt those who attack you in melee.
You have large cloven feet.


   Skills:
 - Level 4.0 Fighting
 + Level 7.0 Ranged Weapons
 - Level 2.1 Armour
 - Level 2.1 Dodging
 - Level 1.0 Spellcasting
 - Level 2.0 Hexes


You had 6 spell levels left.
You knew the following spells:

 Your Spells              Type           Power      Damage    Failure   Level
a - Slow                  Hex            16%        N/A       32%         1

Your spell library contained the following spells:

 Spells                   Type           Power      Damage    Failure   Level
 Inner Flame              Hex/Fire       2%         N/A       82%         3
 Portal Projectile        Hex/Tloc       4%         N/A       82%         3
 Cause Fear               Hex            2%         N/A       97%         4

Inventory:

Hand Weapons
 Y - a +3 longbow of freezing (weapon)
Armour
 e - a +0 pair of boots (worn)
 h - a +1 pair of gloves (worn)
 i - a +0 ring mail (worn)
Scrolls
 a - a scroll of identify
Potions
 d - a potion of enlightenment
 f - a potion of berserk rage {unknown}
 g - a potion of brilliance {unknown}
 l - 3 potions of curing
 p - a potion of mutation

Dungeon Overview and Level Annotations

Branches:
Dungeon (5/15)
 Temple: D:4-7

Altars:

Shops:
D:4 [

Annotations:
D:2 1 runed translucent door, Crazy Yiuf
D:5 Eustachio


Message History

You shoot an arrow. The arrow hits Eustachio!
Eustachio is lightly wounded.
Eustachio mumbles some strange words.
Eustachio blinks!
The white imp gestures at you. The puff of frost hits you!
Eustachio mumbles some strange words.
Eustachio blinks!
An ogre opens the door.
You shoot an arrow. The arrow hits the white imp!
You kill the white imp!
The white imp disappears in a puff of smoke!
Eustachio mumbles some strange words.
The river rat barely misses you. The river rat closely misses you.
You shoot an arrow.
The arrow hits the river rat but does no damage.
The river rat disappears in a puff of smoke!
The river rat barely misses you. The bat barely misses you.
Eustachio mumbles some strange words.
Eustachio blinks!
The ogre hits you with a +0 giant club!!
You shoot an arrow. The arrow hits the ogre!
The arrow freezes the ogre.
The ogre is heavily wounded.
The bat closely misses you. The river rat barely misses you. x2
The ogre hits you with a +0 giant club! The bat closely misses you.
You furiously retaliate!
You headbutt the bat!
You kill the bat!
The bat's corpse disappears in a puff of smoke!
You shoot an arrow. The arrow hits the ogre.
The arrow freezes the ogre.
The ogre is severely wounded.
The river rat bites you but does no damage.
The ogre barely misses you.
Eustachio gestures wildly while chanting.
Eustachio blinks!
You shoot an arrow. The arrow hits the ogre.
The arrow freezes the ogre.
The ogre is almost dead.
The river rat completely misses you. The river rat barely misses you.
You furiously retaliate!
You headbutt the river rat.
The river rat bites you but does no damage.
The ogre hits you with a +0 giant club!!
You die...

##.¤..#
......#.....#
......#.....#
.....#.....# ##
#...##...# .
#..##...##...# ...
...........rr#.....
...........@O'.....
........<..¤.#.....
........##...# ...
#.####+####### .


You could see an ogre and 2 river rats.

Vanquished Creatures
  An ogre (D:4)
  A scorpion (D:4)
  A jelly (D:4)
  2 orc priests
  A gnoll bouda (D:4)
  An iguana (D:4)
  An orc wizard (D:4)
  6 gnolls (D:4)
  3 adders
  4 worms
  2 dart slugs
  4 orcs
  2 ball pythons
  8 endoplasms
  6 giant cockroaches
  6 goblins
  4 hobgoblins
  5 kobolds
  A quokka (D:1)
  6 bats
  4 frilled lizards
  2 rats
71 creatures vanquished.

Notes
Turn   | Place    | Note
-------+----------+-------------------------------------------
     0 | D:1      | qw the Minotaur Hexslinger began the quest for the Orb.
     0 | D:1      | Reached XP level 1. HP: 16/16 MP: 1/1
     0 | D:1      | 0 ||| qw: Version: 0.3-a-46-gb1f654a
     0 | D:1      | 0 ||| qw: Game counter: 1731
     0 | D:1      | 0 ||| qw: Melee chars always use a shield: true
     0 | D:1      | 0 ||| qw: God list: Okawaru
     0 | D:1      | 0 ||| qw: Allow faded altars: false
     0 | D:1      | 0 ||| qw: Do Orc after clearing Dungeon:15 true
     0 | D:1      | 0 ||| qw: Do second Lair branch before Depths: true
     0 | D:1      | 0 ||| qw: Lair rune preference: random
     0 | D:1      | 0 ||| qw: Goals: Normal
     0 | D:1      | 0 ||| PLANNING D:1-11
   216 | D:1      | Reached skill level 3 in Ranged Weapons
   216 | D:1      | Reached XP level 2. HP: 23/23 MP: 2/2
   801 | D:1      | 801 ||| UPGRADING to +0 leather armour.
   811 | D:1      | 811 ||| DROPPING +0 robe.
   812 | D:1      | 812 ||| UPGRADING to +0 ring mail.
   822 | D:1      | 822 ||| DROPPING +0 leather armour.
   823 | D:1      | 823 ||| DROPPING ring of flight.
   824 | D:1      | 824 ||| READING scroll labelled XINWOERAPS.
   824 | D:1      | Identified a scroll of acquirement
   824 | D:1      | 824 ||| ACQUIRING +2 longbow of freezing
   824 | D:1      | Acquired a +2 longbow of freezing
   826 | D:1      | 826 ||| SWAPPING to +2 longbow of freezing.
   827 | D:1      | 827 ||| DROPPING +1 sling.
   828 | D:1      | 828 ||| READING 2 scrolls labelled MOCYNO ZIOMA.
   829 | D:1      | 829 ||| READING scroll labelled BEGOSM ULAQIFF.
   830 | D:1      | 830 ||| READING scroll labelled SIMNIO ZETIWN.
   831 | D:1      | 831 ||| READING scroll labelled JUMERE FOFUNWU.
   832 | D:1      | 832 ||| DROPPING scroll of blinking.
   833 | D:1      | 833 ||| DROPPING scroll of poison.
   865 | D:2      | Identified the +6 sling of Makhleb {flame, rN+}
   895 | D:2      | Reached XP level 3. HP: 29/29 MP: 3/3
   940 | D:2      | You fall into a shaft and drop 2 floors!
   950 | D:4      | Reached skill level 4 in Ranged Weapons
   960 | D:4      | Reached XP level 4. HP: 27/36 MP: 4/4
  1004 | D:4      | Noticed a scorpion
  1008 | D:4      | Killed a scorpion
  1009 | D:4      | Reached skill level 5 in Ranged Weapons
  1009 | D:4      | Reached XP level 5. HP: 32/41 MP: 5/5
  1121 | D:4      | 1121 ||| READING scroll labelled MUSAFI NUITRU.
  1124 | D:4      | 1124 ||| DRINKING 3 metallic brown potions.
  1125 | D:4      | 1125 ||| DRINKING 2 golden potions.
  1125 | D:4      | Gained mutation: You have large cloven feet. [potion of
                  | mutation]
  1140 | D:3      | Reached skill level 3 in Fighting
  1436 | D:3      | 1436 ||| READING scroll labelled NIMNESTRIAFA.
  2148 | D:2      | Found a runed translucent door.
  2149 | D:2      | Noticed Crazy Yiuf
  2703 | D:3      | 2703 ||| READING scroll labelled KOLIAL TYLOIHU.
  2738 | D:4      | Noticed an ogre
  2741 | D:4      | Killed an ogre
  2742 | D:4      | Reached skill level 6 in Ranged Weapons
  2742 | D:4      | Reached XP level 6. HP: 51/51 MP: 6/6
  2890 | D:4      | 2890 ||| FLEEEEING.
  2891 | D:4      | 2891 ||| FLEEEEING.
  2892 | D:4      | 2892 ||| FLEEEEING.
  2893 | D:4      | 2893 ||| FLEEEEING.
  2894 | D:4      | 2894 ||| FLEEEEING.
  2895 | D:4      | 2895 ||| FLEEEEING.
  2896 | D:4      | 2896 ||| FLEEEEING.
  2897 | D:4      | 2897 ||| FLEEEEING.
  2898 | D:4      | 2898 ||| FLEEEEING.
  2899 | D:4      | 2899 ||| FLEEEEING.
  2900 | D:4      | 2900 ||| FLEEEEING.
  2901 | D:4      | 2901 ||| FLEEEEING.
  2902 | D:4      | 2902 ||| FLEEEEING.
  2903 | D:4      | 2903 ||| FLEEEEING.
  2904 | D:4      | 2904 ||| FLEEEEING.
  2905 | D:4      | 2905 ||| FLEEEEING.
  2906 | D:4      | 2906 ||| FLEEEEING.
  2907 | D:4      | 2907 ||| FLEEEEING.
  2908 | D:4      | 2908 ||| FLEEEEING.
  2909 | D:4      | 2909 ||| STAIRDANCE
  2956 | D:4      | Found Jucaakh's Antique Armour Shoppe.
  2970 | D:4      | 2970 ||| BUYING pair of boots (148 gold).
  2970 | D:4      | Bought a pair of boots for 148 gold pieces
  2970 | D:4      | 2970 ||| SHOPLISTING runed troll leather armour (594 gold,
                  | have 32).
  2970 | D:4      | 2970 ||| SHOPLISTING translucent ring mail (297 gold, have
                  | 32).
  3012 | D:4      | 3012 ||| Stepping ~*~*~tactically~*~*~ (outnumbered).
  3021 | D:4      | Reached skill level 7 in Ranged Weapons
  3194 | D:4      | 3194 ||| UPGRADING to +0 pair of boots.
  3199 | D:4      | 3199 ||| UPGRADING to +0 pair of gloves.
  3204 | D:4      | 3204 ||| READING scroll of enchant armour.
  3204 | D:4      | 3204 ||| ENCHANTING +0 pair of gloves.
  3205 | D:4      | 3205 ||| READING scroll labelled LOAGIL VUJECI.
  3206 | D:4      | 3206 ||| DRINKING 2 bubbling grey potions.
  3231 | D:4      | 3231 ||| READING 2 scrolls of identify.
  3231 | D:4      | 3231 ||| IDENTIFYING orange potion
  3232 | D:4      | 3232 ||| DROPPING potion of lignification.
  3248 | D:5      | Entered Level 5 of the Dungeon
  3253 | D:5      | Noticed Eustachio
  3263 | D:5      | HP: 9/52 [ogre/+0 giant club (11)]
  3265 | D:5      | Mangled by an ogre

Levels and vault maps discovered:
D:1:      psy_arrival_terrarium, layout_basic, minmay_pentomino_p4
D:2:      layout_basic, minmay_surrounded, uniq_crazy_yiuf_cottage
D:3:      layout_basic
D:4:      layout_rooms, serial_shops, shop
D:5:      layout_gridville, serial_shops, shop, uniq_edmund, uniq_grinder,
          uniq_eustachio, uniq_ijyb

Skill      XL: |  1  2  3  4  5  6 |
---------------+-------------------+-----
Ranged Weapons | 3 4 5 6 7 |  7.0
Fighting       | 2 3 4 |  4.0
Armour         | 2 |  2.1
Dodging        | |  2.1
Spellcasting   | |  1.0
Hexes          | |  2.0

Action                     |  1- 3 |  4- 6 || total
---------------------------+-------+-------++-------
   Fire: Sling             |    47 |       ||    47
         Longbow           |    20 |    93 ||   113
    Use: Scroll            |     5 |     6 ||    11
         Potion            |       |     3 ||     3
 Armour: Robe              |     3 |       ||     3
         Ring mail         |     1 |     7 ||     8
  Dodge: Dodged            |    12 |    33 ||    45

Table legend:
 A = Non-vault XP
 B = Vault XP
 C = Vault XP percentage of total XP
 D = Non-vault monster count
 E = Vault monster count
 F = Vault count percentage of total count
                 A         B        C        D         E       F
            +---------+---------+-------+---------+---------+-------
      Total |     687 |       6 |   0.9 |      67 |       4 |   5.6
            +---------+---------+-------+---------+---------+-------
        D:1 |      31 |       3 |   8.8 |      18 |       2 |  10.0
        D:2 |      34 |       3 |   8.1 |      10 |       2 |  16.7
        D:3 |      79 |       0 |   0.0 |      17 |       0 |   0.0
        D:4 |     543 |       0 |   0.0 |      22 |       0 |   0.0
            +---------+---------+-------+---------+---------+-------
